 Dungeon Sprint DCSS version 0.17-a0-1651-gae1a69f (webtiles) character file.

1691 nuthulu the Covert (level 8, -2/36 HPs)
             Began as a Spriggan Enchanter on Aug 14, 2015.
             Was a Priest of Dithmenos.
             Shot with an arrow by a centaur (16 damage)
             ... in the Dungeon (Sprint V: "Ziggurat Sprint").
             The game lasted 00:03:09 (592 turns).

nuthulu the Covert (Spriggan Enchanter)              Turns: 592, Time: 00:03:10

Health: -2/36      AC:  3    Str:  4    XL:     8   Next: 72%
Magic:  17/24      EV: 32    Int: 25    God:    Dithmenos [***...]
Gold:   0          SH:  0    Dex: 25    Spells: 4 memorised, 21 levels left

rFire  . . .     SeeInvis +     n - +5 rapier
rCold  . . .     Clarity  .     b - +1 robe
rNeg   . . .     SustAt   .     (shield restricted)
rPois  .         Gourm    .     (helmet restricted)
rElec  .         Spirit   .     J - -1 cloak "Ekka" {Int+3 Stlth+}
rCorr  .         Warding  .     (gloves unavailable)
rMut   .         NoTele   +     (boots unavailable)
MR     +....                    (no amulet)
Stlth  ++++++++++               D - +6 ring of dexterity
                                F - +6 ring of intelligence

@: wreathed by umbra, very quick, somewhat resistant to hostile enchantments,
uncannily stealthy
A: unfitting armour, see invisible, herbivore 3, speed 3, slow metabolism 2
a: Shadow Step, Renounce Religion


You were in the Dungeon.
You worshipped Dithmenos.
Dithmenos was most pleased with you.
You were not hungry.

You visited 1 branch

Inventory:

Hand weapons
 a - a +1 dagger
 n - a +5 rapier (weapon)
Armour
 b - a +1 robe (worn)
 J - the -1 cloak "Ekka" (worn) {Int+3 Stlth+}
   (You found it in the Dungeon)

   It affects your intelligence (+3).
   It makes you more stealthy.
Jewellery
 C - a +6 ring of dexterity
 D - a +6 ring of dexterity (right hand)
 E - a +6 ring of intelligence
 F - a +6 ring of intelligence (left hand)
 G - a +6 ring of strength
 H - a +6 ring of strength
 K - a +2 ring of protection
Magical devices
 y - a wand of disintegration (7)
 z - a wand of fire (5)
 A - a wand of cold (5)
 B - a wand of draining (5)
Scrolls
 j - 4 scrolls of blinking
 q - 4 scrolls of amnesia
 r - 3 scrolls of recharging
 s - 7 scrolls of fog
 u - 5 scrolls of identify
 v - 4 scrolls of remove curse
 w - 2 scrolls of fear
Potions
 e - 9 potions of curing
 f - 8 potions of heal wounds
 g - 6 potions of haste
 h - 7 potions of magic
 i - 3 potions of berserk rage
 k - 2 potions of brilliance
 l - a potion of invisibility
 m - 4 potions of resistance
 o - 5 potions of agility
 p - 5 potions of might
Books
 c - a book of Maledictions

   Spells                             Type                      Level
   a - Corona                         Hexes                        1
   b - Ensorcelled Hibernation        Hexes/Ice                    2
   c - Confuse                        Hexes                        3
   d - Tukima's Dance                 Hexes                        3
   e - Dazzling Spray                 Conjuration/Hexes            3
 I - a book of the Tempests

   Spells                             Type                      Level
   a - Static Discharge               Conjuration/Air              3
   b - Lightning Bolt                 Conjuration/Air              5
   c - Fireball                       Conjuration/Fire             5
   d - Tornado                        Air                          9
   e - Shatter                        Earth                        9
Comestibles
 d - 5 bread rations
 x - 42 fruits


   Skills:
 + Level 9.1 Short Blades
 + Level 11.9 Dodging
 + Level 13.0 Stealth
 + Level 11.7 Spellcasting
 + Level 11.9 Hexes


You had 21 spell levels left.
You knew the following spells:

 Your Spells              Type           Power        Failure   Level  Hunger
a - Corona                Hex            ######.      1%          1    None
b - Ensorcelled Hibernat  Hex/Ice        #####.       1%          2    None
c - Dazzling Spray        Conj/Hex       #####...     1%          3    None
d - Tukima's Dance        Hex            ######..     1%          3    None


Dungeon Overview and Level Annotations

Branches:
Dungeon (1/1)

Altars:
Ashenzari
Cheibriados
Dithmenos
Elyvilon
Fedhas
Gozag
Kikubaaqudgha
Makhleb
Nemelex Xobeh
Okawaru
Qazlal
Ru
Sif Muna
Trog
Vehumet
Xom
Yredelemnul
Zin
The Shining One
Beogh
Jiyva
Lugonu


Innate Abilities, Weirdness & Mutations

You are tiny and cannot use many weapons and most armour.
You have supernaturally acute eyesight.
You are a herbivore.
You cover ground extremely quickly.
You need consume almost no food.


Message History

The centaur misses you. The sheep completely misses you.
The hippogriff closely misses you. The hippogriff misses you.
The hippogriff completely misses you.
Unknown command.
Casting: Ensorcelled Hibernation
Confirm with . or Enter, or press ? or * to list all spells.
Aiming: Ensorcelled Hibernation
Press: ? - help, Shift-Dir - straight line, f - hippogriff, p - centaur
Aim: a hippogriff (umbra, chance to defeat MR: 69%)
The hippogriff struggles to resist.
The centaur completely misses you. The centaur misses you.
The centaur completely misses you. The centaur completely misses you.
The sheep bites you. The sheep completely misses you.
The hippogriff completely misses you.
The hippogriff completely misses you. x2
The centaur wields an uncursed shortbow.
The centaur shoots an arrow of frost.
The arrow of frost hits you! The arrow of frost freezes you.
The centaur wields an uncursed shortbow.
The centaur shoots an arrow.
The arrow hits you!
You die...

▓........▓........▓
▓▓▓▓▓▓▓▓▓▓▓▓▓▓▓▓▓▓▓
▓...8©8...▓..8©8..▓
▓..=|)}...▓..))|..▓
▓...|}:...▓..}.:..▓
▓....H....▓.....).▓
▓...YYc...▓.......▓
▓...H(c...▓.......▓
▓...@.c...▓.......▓
▓(▓.....▓.▓.▓...▓.▓
▓.(.(.....▓.......▓
▓▓▓▓▓▓▓▓▓▓▓▓▓▓▓▓▓▓▓
▓..8©8..▓ ▓..[:)..▓
▓..=&45.▓ ▓.5..&4.▓
▓.54....▓


You could see 2 hippogriffs, 3 centaurs and 2 sheep.

Vanquished Creatures
  A deep elf summoner (D)
  A deep elf conjurer (D)
  A toenail golem (D)
  A deep elf mage (D)
  A deep elf fighter (D)
  A large abomination (D)
  A crimson imp (D)
  A jelly (D)
  A quasit (D)
  An iron imp (D)
  A white imp (D)
  A shadow imp (D)
  An ooze (D)
13 creatures vanquished.

Notes
Turn   | Place    | Note
--------------------------------------------------------------
     0 | D        | nuthulu the Spriggan Enchanter began the quest for the Orb.
     0 | D        | Reached XP level 1. HP: 9/9 MP: 5/5
     0 | D        | Found a roughly hewn altar of Beogh.
     0 | D        | Found a corrupted altar of Lugonu.
     0 | D        | Found a viscous altar of Jiyva.
     0 | D        | Found a white marble altar of Elyvilon.
     0 | D        | Found a sparkling altar of Nemelex Xobeh.
     0 | D        | Found a burning altar of Makhleb.
     0 | D        | Found an iron altar of Okawaru.
     0 | D        | Found a deep blue altar of Sif Muna.
     0 | D        | Found a radiant altar of Vehumet.
     0 | D        | Found a bloodstained altar of Trog.
     0 | D        | Found a shimmering altar of Xom.
    23 | D        | Became a worshipper of Dithmenos the Shadowed
    26 | D        | Reached skill level 6 in Spellcasting
    26 | D        | Reached skill level 7 in Hexes
    26 | D        | Reached XP level 2. HP: 13/13 MP: 5/10
    30 | D        | Learned a level 2 spell: Ensorcelled Hibernation
    74 | D        | Entered arena 1.
    74 | D        | Noticed a jelly
    77 | D        | Killed a jelly
    77 | D        | Reached skill level 5 in Stealth
    77 | D        | Reached XP level 3. HP: 16/16 MP: 10/12
    88 | D        | Entered arena 2.
    88 | D        | Noticed a swamp drake
    88 | D        | Noticed a swamp drake
    88 | D        | Noticed a steam dragon
   104 | D        | Got the cursed -1 cloak "Ekka" {Int+3 Stlth+}
   105 | D        | Entered arena 3.
   105 | D        | Noticed a deep elf mage
   105 | D        | Noticed a deep elf conjurer
   105 | D        | Noticed a deep elf summoner
   105 | D        | Noticed a deep elf fighter
   120 | D        | Killed a deep elf conjurer
   120 | D        | Reached skill level 8 in Dodging
   120 | D        | Reached skill level 9 in Stealth
   120 | D        | Reached XP level 4. HP: 13/21 MP: 2/16
   120 | D        | Reached XP level 5. HP: 14/24 MP: 2/18
   120 | D        | Reached XP level 6. HP: 16/28 MP: 2/19
   122 | D        | Killed a deep elf fighter
   122 | D        | Reached skill level 10 in Stealth
   122 | D        | Reached skill level 10 in Hexes
   129 | D        | Noticed a demonic crawler
   135 | D        | Killed a deep elf summoner
   135 | D        | Acquired Dithmenos's first power
   135 | D        | Reached skill level 10 in Dodging
   135 | D        | Reached skill level 11 in Stealth
   135 | D        | Reached skill level 10 in Spellcasting
   135 | D        | Reached XP level 7. HP: 10/32 MP: 5/22
   139 | D        | Killed a deep elf mage
   139 | D        | Reached skill level 12 in Stealth
   139 | D        | Reached XP level 8. HP: 11/36 MP: 5/24
   353 | D        | Entered arena 4.
   353 | D        | Noticed a toenail golem
   353 | D        | Noticed a toenail golem
   353 | D        | Noticed a toenail golem
   353 | D        | Noticed a toenail golem
   358 | D        | Killed a toenail golem
   361 | D        | Entered arena 5.
   361 | D        | Noticed a toenail golem
   361 | D        | Noticed a toenail golem
   361 | D        | Noticed a toenail golem
   361 | D        | Noticed a toenail golem
   361 | D        | Noticed a toenail golem
   372 | D        | Entered arena 6.
   372 | D        | Noticed a large abomination
   372 | D        | Noticed a quasit
   372 | D        | Noticed an iron imp
   372 | D        | Noticed a crimson imp
   379 | D        | Killed a quasit
   379 | D        | Acquired Dithmenos's second power
   379 | D        | Killed an iron imp
   379 | D        | Killed a crimson imp
   392 | D        | Killed a large abomination
   392 | D        | Reached skill level 13 in Stealth
   400 | D        | Learned a level 3 spell: Dazzling Spray
   404 | D        | Learned a level 3 spell: Tukima's Dance
   572 | D        | Entered arena 7.
   572 | D        | Noticed an orange demon
   572 | D        | Noticed Quishr Rusar the pandemonium lord
   572 | D        | Noticed Suish the pandemonium lord
   579 | D        | Noticed a red devil
   579 | D        | Noticed a hellwing
   581 | D        | Entered arena 8.
   581 | D        | Noticed a hippogriff
   581 | D        | Noticed a hippogriff
   581 | D        | Noticed a centaur
   581 | D        | Noticed a centaur
   581 | D        | Noticed a centaur
   592 | D        | Shot with an arrow by a centaur

Vault maps used:
D:        sprint_v

Action                   |  1- 3 |  4- 6 |  7- 9 || total
-------------------------+-------+-------+-------++-------
Melee: Rapier            |    14 |    15 |    18 ||    47
 Cast: Ensorcelled Hiber |     5 |       |     4 ||     9
       Corona            |       |       |     1 ||     1
  Use: Potion            |     4 |       |     1 ||     5
       Scroll            |       |       |     2 ||     2
 Stab: Sleeping          |     2 |       |     1 ||     3
       Invisible         |     2 |     2 |     1 ||     5
